 Dungeon Crawl Stone Soup version 0.32-a0-791-gfc315c9ecd (webtiles) character file.

Game seed: 1744926472824143798

3714 ezpacito the Trooper (level 10, -6/77 HPs)
             Began as a Coglin Chaos Knight on Mar 21, 2024.
             Was a Plaything of Xom.
             Mangled by a water moccasin (10 damage)
             ... on level 8 of the Dungeon.
             The game lasted 00:12:18 (6593 turns).

ezpacito the Trooper (Coglin Chaos Knight)          Turns: 6593, Time: 00:12:19

Health: -6/77      AC:  0    Str: 17    XL:     10   Next: 14%
Magic:  14/14      EV: 13    Int: 10    God:    Xom [*.....]
Gold:   225        SH:  0    Dex: 17    Spells: 7/14 levels left

rFire   . . .        a - +0 hand axe (chaos) {Ilse}
rCold   . . .        C - +4 dagger "Itoer" {holy, Str+2 Stlth+}
rNeg    . . .        b - +3 leather armour of Okawaru's Esteem {rElec Dex-4 SInv Stlth+}
rPois   .            (no helmet)
rElec   +            (no cloak)
rCorr   .            E - +0 pair of gloves
SInv    +            (no boots)
Will    .....        (amulet unavailable)
Stlth   ++++         (ring unavailable)
HPRegen 0.32/turn    (ring unavailable)
MPRegen 0.14/turn    (no gizmo)

%: no passive effects
@: lethally poisoned (-6 -> -28), about to teleport, corroded, revving
A: off-hand wielding, slow wielding, warmup strikes, no jewellery, agile 2,
MP-powered wands
a: Invent Gizmo, Renounce Religion


You were on level 8 of the Dungeon.
You worshipped Xom.
You were a special plaything of Xom.
You visited 2 branches of the dungeon, and saw 9 of its levels.

You collected 294 gold pieces.
You spent 69 gold pieces at shops.

Inventory:

Hand Weapons
 a - a +0 hand axe of chaos (weapon) {Ilse}
 r - a +0 flail of pain {Xochitl}
 C - the +4 dagger "Itoer" (offhand) {holy, Str+2 Stlth+}
   (Xom gifted it to you on level 5 of the Dungeon)

   Str+2:     It affects your strength (+2).
   Stlth+:    It makes you more stealthy.
Missiles
 k - 14 boomerangs (quivered)
 l - 3 throwing nets
 q - a curare-tipped dart
Armour
 b - the +3 leather armour of Okawaru's Esteem (worn) {rElec Dex-4 SInv Stlth+}
   (You found it on level 6 of the Dungeon)

   Dex-4:     It affects your dexterity (-4).
   rElec:     It insulates you from electricity.
   SInv:      It lets you see invisible.
   Stlth+:    It makes you more stealthy.
 i - a +0 chain mail
 o - +0 steam dragon scales
 p - a +0 plate armour
 E - a +0 pair of gloves (worn)
Magical Staves
 d - a staff of alchemy
 h - a staff of death {Njabulo}
Talismans
 e - a blade talisman
 D - a flux talisman
Scrolls
 c - a scroll of fog {unknown}
 f - 2 scrolls of torment
 g - 3 scrolls of noise
 j - 2 scrolls of amnesia {unknown}
 m - a scroll of summoning {unknown}
 s - a scroll of fear {unknown}
 t - a scroll of teleportation
 u - a scroll of immolation {unknown}
 w - 4 scrolls of vulnerability
 y - 2 scrolls of revelation
 z - a scroll of brand weapon {unknown}
Potions
 v - a potion of brilliance


   Skills:
 * Level 6.3 Fighting
 * Level 6.1(6.6) Axes
 + Level 3.4(4.9) Polearms
 * Level 5.0 Armour
 * Level 4.8 Dodging
 + Level 3.4 Stealth
 + Level 2.7 Spellcasting
 + Level 3.5 Necromancy
 + Level 3.7 Alchemy
 + Level 4.7 Evocations


You had 7 spell levels left.
You knew the following spells:

 Your Spells              Type           Power      Damage    Failure   Level
a - Vampiric Draining     Necr           8%         2d6       24%         3
s - Slow                  Hex            4%         N/A       34%         1
x - Mephitic Cloud        Conj/Alch/Air  3%         N/A       52%         3

Your spell library contained the following spells:

 Spells                   Type           Power      Damage    Failure   Level
 Summon Small Mammal      Summ           4%         N/A       34%         1
 Ensorcelled Hibernation  Hex/Ice        2%         N/A       45%         2
 Call Canine Familiar     Summ           1%         N/A       71%         3
 Confusing Touch          Hex            1%         N/A       71%         3
 Dazzling Flash           Conj/Hex       2%         N/A       71%         3
 Inner Flame              Hex/Fire       1%         N/A       71%         3
 Passwall                 Erth           1%         N/A       71%         3
 Swiftness                Air            1%         N/A       71%         3
 Curse of Agony           Necr           8%         N/A       92%         5
 Summon Blazeheart Golem  Fire/Summ      1%         N/A       98%         4
 Irradiate                Conj/Alch      2%         3d12      99%         5
 Silence                  Hex/Air        0%         N/A       100%        5
 Ignition                 Fire           0%         3d3       100%        8


Dungeon Overview and Level Annotations

Branches:
Dungeon (7/15)             Temple (1/1) D:6

Altars:
Ashenzari
Cheibriados
Dithmenos
Elyvilon
Fedhas
Gozag
Hepliaklqana
Kikubaaqudgha
Makhleb
Nemelex Xobeh
Okawaru
Qazlal
Ru
Sif Muna
Trog
Uskayaw
Vehumet
Wu Jian
Xom
Yredelemnul
Zin
The Shining One

Shops:
D:2 *


Innate Abilities, Weirdness & Mutations

You can wield a second weapon in your off-hand.
It takes a long time for you to wield or remove held weapons.
Your first few attacks do less damage.
You cannot equip rings or amulets.
You are very agile. (Dex +8, Str/Int -2)
You expend magic power (3 MP) to strengthen your wands.


Message History

Press: ? - help, Q - select action, (/) - cycle Shift-Dir - straight line, f/p - jelly
Aim: a jelly (90% to hit)
You throw a boomerang. The boomerang hits the jelly.
The jelly is lightly wounded. "Time to have some fun!"
The jelly barely misses you.
You hit the jelly but do no damage. The acid corrodes you!
Your graspers burn!
The jelly is lightly wounded.
You hit the jelly with the +4 dagger "Itoer".
Your graspers burn!
The jelly closely misses you.
You take 8 damage, and have 30/77 hp.
You hit the jelly with the +4 dagger "Itoer".
The acid corrodes you!
Your graspers burn!
The jelly is moderately wounded.
You slash the jelly with your +0 hand axe of chaos!
You freeze the jelly.
You kill the jelly!
You hit the water moccasin but do no damage.
The water moccasin bites you. x2
* * * LOW HITPOINT WARNING * * *
You are poisoned.
The water moccasin poisons you!
You take 11 damage, and have 19/77 hp.
Okay, then.
As you read the scroll labelled QECAMI BIXAA, it crumbles to dust.
You feel strangely unstable.
It was a scroll of teleportation.
t - a scroll of teleportation;
e - a blade talisman You feel very sick.
The shadow imp barely misses you. The water moccasin bites you.
* * * LOW HITPOINT WARNING * * *
You are more poisoned.
The water moccasin poisons you!
You take 10 damage, and have 9/77 hp.
Okay, then.
* * * LOW HITPOINT WARNING * * *
You feel very sick.
The shadow imp summons a swarm of flies.
The water moccasin bites you!
You die...
Xom is highly amused!

#....### ##..?.......
.......## ##...........
........## ##............
.........# #......_......
.........# #.[..........
.........## #..._......!.
..........# #...........
....>.....# #..5S_......
#.........# ##..@†.......
#.........###...._.......
##.............#........#
##........######......##
##......#### #...####
...##..## ##..# ########
...# # ...# ####


You could see a water moccasin and a shadow imp (summoned).

Vanquished Creatures
  Pikel (D:7)
  Grinder (D:4)
  A wyvern (D:7)
  3 steam dragons
  2 water moccasins
  A sky beast (D:8)
  2 black bears
  3 ogres
  2 centaurs
  2 phantoms
  A lemure (D:7)
  A kobold brigand (D:7)
  A bullfrog (D:8)
  3 scorpions
  3 wights (D:7)
  3 howler monkeys (D:7)
  A bombardier beetle (D:5)
  4 hounds
  3 jellies
  A cerulean imp (D:6)
  An orc priest (D:5)
  A gnoll bouda (D:8)
  A sleepcap (D:5)
  2 iguanas (D:7)
  2 orc wizards (D:7)
  A statue (D:3)
  6 adders
  18 gnolls
  A shadow imp (D:5)
  3 white imps
  2 ufetubi (D:6)
  A ribbon worm (D:2)
  2 dart slugs
  13 orcs
  8 bats
  3 endoplasms
  5 giant cockroaches
  12 goblins
  15 hobgoblins
  6 jackals
  4 quokkas
  9 ball pythons
  3 frilled lizards
  11 kobolds
  8 rats
177 creatures vanquished.

Vanquished Creatures (collateral kills)
  A kobold (D:3)
  A rat (D:3)
2 creatures vanquished.

Vanquished Creatures (others)
  A bullfrog (D:6)
1 creature vanquished.

Grand Total: 180 creatures vanquished

Notes
Turn   | Place    | Note
-------+----------+-------------------------------------------
     0 | D:1      | ezpacito the Coglin Chaos Knight began the quest for the
                  | Orb.
     0 | D:1      | Reached XP level 1. HP: 18/18 MP: 1/1
    34 | D:1      | Reached skill level 1 in Dodging
   129 | D:1      | Reached XP level 2. HP: 24/24 MP: 2/2
   344 | D:1      | Reached XP level 3. HP: 29/29 MP: 3/3
   706 | D:1      | XOM: silly message
   766 | D:1      | XOM: divination: detect creatures
   880 | D:2      | Found Yquybuuj's Assorted Antiques.
   889 | D:2      | Bought an emerald potion for 22 gold pieces
   889 | D:2      | Bought a bubbling dark potion for 22 gold pieces
   889 | D:2      | Bought a scroll labelled EXTUWI ELIOKK for 25 gold pieces
   939 | D:2      | XOM: silly message
  1093 | D:2      | Reached XP level 4. HP: 33/35 MP: 4/4
  1094 | D:2      | Reached skill level 1 in Evocations
  1256 | D:2      | XOM: divination: detect creatures
  1378 | D:2      | XOM: divination: detect items
  1521 | D:3      | Noticed a phantom
  1529 | D:3      | XOM: enchant monster (good)
  1573 | D:3      | Killed a phantom
  1574 | D:3      | Reached skill level 1 in Polearms
  1574 | D:3      | Reached skill level 1 in Stealth
  1574 | D:3      | Reached skill level 1 in Necromancy
  1574 | D:3      | Reached XP level 5. HP: 30/42 MP: 5/5
  1582 | D:3      | Learned a level 1 spell: Slow
  1586 | D:3      | Learned a level 3 spell: Mephitic Cloud
  1804 | D:3      | Gained mutation: You expend magic power (3 MP) to
                  | strengthen your wands. [potion of mutation]
  1804 | D:3      | Gained mutation: You are agile. (Dex +4, Str/Int -1)
                  | [potion of mutation]
  1804 | D:3      | Gained mutation: You are very agile. (Dex +8, Str/Int -2)
                  | [potion of mutation]
  1832 | D:3      | XOM: smoke on damage
  2227 | D:3      | Reached XP level 6. HP: 48/48 MP: 6/6
  2235 | D:3      | Noticed a water moccasin
  2245 | D:3      | Killed a water moccasin
  2246 | D:3      | Reached skill level 1 in Alchemy
  2476 | D:3      | Found a radiant altar of Vehumet.
  2623 | D:3      | XOM: summons 2 hostile demons
  2788 | D:4      | Reached skill level 1 in Spellcasting
  2851 | D:4      | Reached XP level 7. HP: 50/54 MP: 8/8
  2928 | D:4      | Noticed Grinder
  2937 | D:4      | Killed Grinder
  3502 | D:4      | Learned a level 3 spell: Vampiric Draining
  3541 | D:5      | Entered Level 5 of the Dungeon
  3599 | D:5      | XOM: scenery: 3 doors open
  3731 | D:5      | Reached XP level 8. HP: 61/61 MP: 10/10
  3850 | D:5      | XOM: divination: detect items
  3882 | D:5      | XOM: divination: detect items
  4054 | D:5      | XOM: summons 5 hostile demons
  4186 | D:5      | XOM: god gift: dazzling dagger {god gift}
  4186 | D:5      | Identified the +4 dagger "Itoer" {holy, Str+2 Stlth+} (Xom
                  | gifted it to you on level 5 of the Dungeon)
  4188 | D:5      | XOM: divination: detect creatures
  4261 | D:5      | XOM: god gift: 40 gold pieces
  4732 | D:6      | Reached skill level 5 in Fighting
  5044 | D:6      | Reached skill level 5 in Axes
  5178 | D:6      | Found a staircase to the Ecumenical Temple.
  5238 | Temple   | Entered the Ecumenical Temple
  5288 | D:6      | XOM: cloud trail
  5297 | D:6      | Reached XP level 9. HP: 63/68 MP: 10/12
  5386 | D:6      | Identified the +3 leather armour of Okawaru's Esteem {rElec
                  | Dex-4 SInv Stlth+}
  5458 | D:6      | XOM: god gift: scroll of vulnerability
  5843 | D:7      | Noticed Pikel
  5843 | D:7      | XOM: 1-stop teleportation journey
  5852 | D:7      | Killed Pikel
  5871 | D:7      | XOM: scenery: 2 doors open
  5895 | D:7      | XOM: cast spell 'Summon Small Mammal'
  5898 | D:7      | HP: 3/69 [wyvern (12)]
  6034 | D:7      | XOM: divination: magic mapping
  6084 | D:7      | XOM: summons 2 friendly demons
  6281 | D:7      | Found a shimmering altar of Xom.
  6282 | D:7      | XOM: 8-stop teleportation journey
  6283 | D:7      | You fall into a shaft and drop 1 floor!
  6350 | D:8      | Reached XP level 10. HP: 38/76 MP: 13/13
  6506 | D:8      | XOM: scenery: create altars
  6518 | D:8      | XOM: smoke on damage
  6520 | D:8      | Reached skill level 5 in Armour
  6589 | D:8      | XOM: summons 1 hostile demon
  6593 | D:8      | Mangled by a water moccasin

Illustrated notes

Levels and vault maps discovered:
D:1:      dpeg_arrival_connections, layout_loops_ring, dreamdust_wishing_well,
          st_stairs_6, chequers_decorated_corner, minmay_tiny_reverse_x
D:2:      layout_rooms, serial_shops, shop, serial_forest,
          infiniplex_forest_lined_room_2, infiniplex_forest_corner_1,
          infiniplex_forest_end_2, infiniplex_forest_end_3,
          infiniplex_forest_lined_corner, minmay_statues_item
D:3:      layout_basic, vehumet_statue, minmay_three_crescents
D:4:      layout_loops_ring, uniq_grinder
D:5:      layout_basic
D:6:      layout_loops_cross, minmay_temple_entry_grid
D:7:      layout_basic, mainiacjoe_overflow_paths, uniq_pikel,
          uniq_crazy_yiuf_cottage
D:8:      layout_cave_pods, due_lair_maze_entry_diamond, uniq_erica
Temple:   mainiacjoe_temple_big_plus

Skill      XL: |  1  2  3  4  5  6  7  8  9 10 |
---------------+-------------------------------+-----
Dodging        | 1 2 3 4 |  4.8
Armour         | 2 3 4 5 |  5.0
Evocations     | 1 2 3 4 |  4.7
Polearms       | 1 2 3 |  3.4
Stealth        | 1 2 3 |  3.4
Necromancy     | 1 2 3 |  3.5
Alchemy        | 1 2 3 |  3.7
Fighting       | 4 5 6 |  6.3
Spellcasting   | 1 2 |  2.7
Axes           | 4 5 6 |  6.1

Action                     |  1- 3 |  4- 6 |  7- 9 | 10-12 || total
---------------------------+-------+-------+-------+-------++-------
  Melee: Hand axe          |    63 |   156 |   205 |    21 ||   445
         Dagger            |    31 |       |   141 |    21 ||   193
         Spear             |    35 |   160 |       |       ||   195
         Flail             |       |    12 |    50 |       ||    62
         Staff             |       |       |    20 |       ||    20
  Throw: Boomerang         |       |       |       |     2 ||     2
   Cast: Slow              |       |       |     3 |       ||     3
  Evoke: Wand              |       |     2 |     7 |       ||     9
    Use: Potion            |       |     4 |     2 |       ||     6
         Scroll            |       |     1 |     7 |     1 ||     9
   Stab: Sleeping          |     2 |     4 |     7 |       ||    13
         Confused          |       |     2 |     4 |     1 ||     7
         Petrifying        |       |     1 |     4 |       ||     5
         Paralysed         |       |       |     5 |       ||     5
 Armour: Leather armour    |    34 |    63 |   173 |    30 ||   300
         Chain mail        |       |       |    51 |       ||    51
  Dodge: Dodged            |    37 |    66 |   225 |    23 ||   351

Table legend: (Time is in decaauts)
 A = Elapsed time spent in this place.
 B = Non-inter-level travel time spent in this place.
 C = Inter-level travel time spent in this place.
 D = Time resting spent in this place.
 E = Time spent auto-exploring this place.
 F = Levels seen in this place.
 G = Mean time per level.
                   A        B        C        D        E       F      G
               +--------+--------+--------+--------+--------+-----+--------+
         Total |   6622 |   6290 |    332 |    697 |   4394 |   9 |  735.8 |
       Dungeon |   6621 |   6290 |    331 |    697 |   4394 |   8 |  827.6 |
        Temple |      1 |      1 |      0 |      0 |      0 |   1 |    1.0 |
               +--------+--------+--------+--------+--------+-----+--------+

Top non-repeatable levels by time:
     D:3: 1283 daAuts
     D:5: 1015 daAuts
     D:6: 910 daAuts
     D:1: 854 daAuts
     D:4: 824 daAuts
     D:7: 779 daAuts
     D:2: 644 daAuts
     D:8: 310 daAuts
  Temple: 1 daAuts
